 Dungeon Sprint DCSS version 0.26-a0-652-gafc20e3620 (webtiles) character file.

Game seed: 15153076494522322985

56669 mhtbhm the Axe Maniac (level 14, -6/235 HPs)
             Began as a Minotaur Berserker on Oct 3, 2020.
             Was the Champion of Trog.
             Impaled on a Hell Sentinel's spines (13 damage)
             ... in the Dungeon (Sprint VII: "The Pits").
             The game lasted 00:12:29 (5299 turns).

mhtbhm the Axe Maniac (Minotaur Berserker)          Turns: 5299, Time: 00:12:30

Health: -6/235     AC: 42    Str: 27    XL:     14   Next: 42%
Magic:  1/13       EV: 10    Int:  7    God:    Trog [******]
Gold:   55         SH:  0    Dex: 13    Spells: 13/13 levels left

rFire    + . .     SeeInvis .   a - +2 executioner's axe (vorpal)
rCold    + . .     Faith    .   (shield currently unavailable)
rNeg     . . .     Spirit   .   b - +9 scales of the Dragon King {rPois rF+ rC+ MR+}
rPois    +         Reflect  .   (helmet restricted)
rElec    .         Harm     .   x - +1 cloak
rCorr    .         Rampage  .   o - +2 pair of gloves
MR       ++...     NoTele   +   w - +1 pair of boots
Stlth    ..........             (no amulet)
HPRegen  0.49/turn              l - +3 ring of dexterity
MPRegen  0.13/turn              m - +3 ring of intelligence

@: mighty, berserking, constricted, very quick
A: retaliatory headbutt, horns 2
a: Berserk, Trog's Hand, Brothers in Arms, Renounce Religion


You were in the Dungeon.
You worshipped Trog.
Trog was exalted by your worship.
You visited 1 branch You collected 55 gold pieces.

Inventory:

Hand Weapons
 a - a +2 vorpal executioner's axe (weapon)
 y - the +3 broad axe of Cuodiy {vorpal, *Corrode rElec rC+++ Str-2}
   (Trog gifted it to you in the Dungeon)

   It inflicts extra damage upon your enemies.
   It affects your strength (-2).
   It renders you almost immune to cold.
   It insulates you from electricity.
   It may corrode you when you take damage.
Missiles
 h - 6 javelins (quivered)
Armour
 b - the +9 scales of the Dragon King (worn) {rPois rF+ rC+ MR+}
   (You found it in the Dungeon)

   It protects you from fire.
   It protects you from cold.
   It protects you from poison.
   It affects your resistance to hostile enchantments.
 o - a +2 pair of gloves (worn)
 p - the +0 tower shield of Objectivity {-Cast *Drain +Blink SInv}
   (You found it in the Dungeon)

   It lets you see invisible.
   It lets you blink.
   It prevents spellcasting.
   It causes draining when unequipped.
 w - a +1 pair of boots (worn)
 x - a +1 cloak (worn)
Jewellery
 l - a +3 ring of dexterity (left hand)
 m - a +3 ring of intelligence (right hand)
 u - an uncursed ring of fire
Scrolls
 j - 4 scrolls of remove curse
 k - a scroll of summoning
 q - 2 scrolls of fog
 r - 5 scrolls of identify
 s - 4 scrolls of blinking
 t - a scroll of fear
Potions
 c - 9 potions of curing
 d - 8 potions of heal wounds
 e - 2 potions of haste
 f - 4 potions of magic
 g - 8 potions of berserk rage
 i - a potion of invisibility
 n - 2 potions of might
Miscellaneous
 v - a phial of floods


   Skills:
 + Level 23.4 Fighting
 O Level 27 Axes
 + Level 1.9 Throwing
 + Level 20.8 Armour
 + Level 12.7 Dodging
 + Level 9.4 Stealth


You had 13 spell levels left.
You didn't know any spells.
Your spell library was empty.

Dungeon Overview and Level Annotations

Branches:
Dungeon (1/1)

Altars:
Cheibriados
Dithmenos
Elyvilon
Fedhas
Gozag
Hepliaklqana
Makhleb
Nemelex Xobeh
Okawaru
Qazlal
Ru
Sif Muna
Trog
Wu Jian
Xom
Yredelemnul
Zin
The Shining One
Jiyva


Innate Abilities, Weirdness & Mutations

You reflexively headbutt those who attack you in melee.
You have a pair of horns on your head.


Message History

You slice the Hell Sentinel!!
The Hell Sentinel is moderately wounded.
You barely miss the anaconda. You closely miss the Ice Fiend.
The anaconda bites you but does no damage.
The anaconda constricts you.
Unknown command.
You slice the Hell Sentinel!! You headbutt the Hell Sentinel!
The Hell Sentinel is heavily wounded.
You slice the Ice Fiend!! You completely miss the anaconda.
The anaconda bites you but does no damage.
The anaconda constricts you. The Hell Sentinel barely misses you.
The Hell Sentinel hits you!
* * * LOW HITPOINT WARNING * * *
The Ice Fiend claws you.
* * * LOW HITPOINT WARNING * * *
The Ice Fiend freezes you!! You resist.
* * * LOW HITPOINT WARNING * * *
The Ice Fiend barely misses you.
You are struck by the Hell Sentinel's spines.
You die...

,***,***,***,***+*
,,*,,,+,,,*,,,**,*
,**+,+**,+*+,***+*
+*,***,***,*+* *,*
,**+,***,***,**#+#
,,*,,,+,,,+,,,##.##
,,**,**+,**+,*#qE.#
,*****,***,**++S11#
** *** ******#@#*
***************#†#
,,,,,*,,,,,,,,*#)#
,,,,,*,,,,,,,,*#)#
+*****++*++****#.#
,,,,,,,,,,,,,,*#'#
,,,,,,,,*,,,,,*#)#
,,*,,*,,,,,*,,*#'#
,,,,,,,,*,,,,,*#.#


You could see a Hell Sentinel, an Ice Fiend, a purple draconian scorcher, an
anaconda and an air elemental.

Vanquished Creatures
  An ancient lich (D)
  A greater mummy (D)
  the Lernaean hydra (D)
  Jory (D)
  A deep elf blademaster (D)
  A sphinx (D)
  2 orc warlords (D)
  2 ghost moths (D)
  A spriggan defender (D)
  2 vampire knights (D)
  A purple draconian (D)
  A blizzard demon (D)
  A yaktaur captain (D)
  3 vault guards (D)
  A naga warrior (D)
  A death knight (D)
  A death yak (D)
  4 two-headed ogres (D)
  A vampire mage (D)
  An ogre mage (D)
  Urug (D)
  2 deep elf knights (D)
  A shadow wraith (D)
  A fire crab (D)
  A swamp dragon (D)
  A lindwurm (D)
  A phantasmal warrior (D)
  10 orc knights (D)
  An orc sorcerer (D)
  A deep elf mage (D)
  A cyclops (D)
  A guardian serpent (D)
  A black mamba (D)
  Joseph (D)
  A molten gargoyle (D)
  A cane toad (D)
  A demonic crawler (D)
  An efreet (D)
  A polar bear (D)
  An ice devil (D)
  A merfolk (D)
  A red devil (D)
  A troll (D)
  9 blink frogs (D)
  A bog body (D)
  A wandering mushroom (D)
  A flying skull (D)
  7 dream sheep (D)
  2 shadows (D)
  6 wraiths (D)
  An air elemental (D)
  2 chaos spawn (D)
  A warg (D)
  A floating eye (D)
  A black bear (D)
  2 orc warriors (D)
  4 ogres (D)
  4 wolves (D)
  A centaur (D)
  A bullfrog (D)
  A crimson imp (D)
  A jelly (D)
  3 orc priests (D)
  4 orc wizards (D)
  A worker ant (D)
  A hell rat (D)
  An adder skeleton (D)
  An adder zombie (D)
  11 orcs (D)
  A bat skeleton (D)
  A goblin (D)
  2 quokkas (D)
  A bat (D)
  2 frilled lizards (D)
  3 kobolds (D)
  A rat (D)
141 creatures vanquished.

Vanquished Creatures (collateral kills)
  A storm dragon (D)
  A minotaur (D)
  Josephine (D)
  A deep elf knight (D)
  3 orc knights (D)
  A deep elf mage (D)
  A phantasmal warrior (D)
  A rime drake (D)
  A red devil (D)
  A blink frog (D)
  A wraith (D)
  Grum (D)
  4 orc warriors (D)
  An earth elemental (D)
  2 orc wizards (D)
  6 orcs (D)
  A bat simulacrum (D)
28 creatures vanquished.

Grand Total: 169 creatures vanquished

Notes
Turn   | Place    | Note
-------+----------+-------------------------------------------
     0 | D        | mhtbhm the Minotaur Berserker began the quest for the Orb.
     0 | D        | Reached XP level 1. HP: 19/19 MP: 0/0
    17 | D        | Found a bloodstained altar of Trog.
    17 | D        | Found a shimmering blue altar of Sif Muna.
    17 | D        | Found a viscous altar of Jiyva.
    17 | D        | Found a hazy altar of Hepliaklqana.
    17 | D        | Found an opulent altar of Gozag.
    56 | D        | Reached skill level 4 in Axes
    60 | D        | Reached ** piety under Trog
   210 | D        | Noticed a bullfrog
   217 | D        | Killed a bullfrog
   217 | D        | Reached *** piety under Trog
   217 | D        | Reached skill level 7 in Axes
   217 | D        | Reached XP level 2. HP: 10/31 MP: 1/1
   217 | D        | Reached XP level 3. HP: 12/38 MP: 2/2
   217 | D        | Reached XP level 4. HP: 14/45 MP: 3/3
   453 | D        | Found a glowing golden altar of the Shining One.
   453 | D        | Found a glowing silver altar of Zin.
   453 | D        | Found a basalt altar of Yredelemnul.
   453 | D        | Found a shimmering altar of Xom.
   453 | D        | Found an ornate altar of the Wu Jian Council.
   453 | D        | Found a sacrificial altar of Ru.
   453 | D        | Found a stormy altar of Qazlal.
   453 | D        | Found an iron altar of Okawaru.
   453 | D        | Found a sparkling altar of Nemelex Xobeh.
   453 | D        | Found a burning altar of Makhleb.
   453 | D        | Found a blossoming altar of Fedhas.
   453 | D        | Found a white marble altar of Elyvilon.
   453 | D        | Found a shadowy altar of Dithmenos.
   453 | D        | Found a snail-covered altar of Cheibriados.
   482 | D        | Reached **** piety under Trog
   485 | D        | Reached skill level 8 in Axes
   486 | D        | Reached XP level 5. HP: 53/53 MP: 4/4
   488 | D        | Reached ***** piety under Trog
   488 | D        | Reached skill level 9 in Axes
   488 | D        | Reached skill level 5 in Armour
   564 | D        | Noticed a polar bear
   584 | D        | Killed a polar bear
   584 | D        | Received a gift from Trog
   584 | D        | Reached skill level 10 in Fighting
   584 | D        | Reached skill level 11 in Axes
   584 | D        | Reached XP level 6. HP: 13/67 MP: 5/5
   828 | D        | Noticed an orc warrior
   843 | D        | Killed an orc warrior
   843 | D        | Reached XP level 7. HP: 19/73 MP: 6/6
  1112 | D        | Noticed a wraith
  1112 | D        | Noticed an efreet
  1126 | D        | Killed a wraith
  1126 | D        | Reached skill level 12 in Axes
  1132 | D        | Killed an efreet
  1132 | D        | Received a gift from Trog
  1132 | D        | Reached XP level 8. HP: 47/83 MP: 7/7
  1496 | D        | Noticed an ice devil
  1497 | D        | Noticed a cane toad
  1504 | D        | Killed an ice devil
  1504 | D        | Reached skill level 13 in Axes
  1504 | D        | Reached skill level 10 in Armour
  1507 | D        | Killed a cane toad
  1655 | D        | Noticed a two-headed ogre
  1657 | D        | Noticed an ogre mage
  1657 | D        | Noticed a lindwurm
  1660 | D        | Killed a two-headed ogre
  1660 | D        | Reached skill level 14 in Axes
  1660 | D        | Reached XP level 9. HP: 93/93 MP: 2/8
  1661 | D        | Noticed a two-headed ogre
  1661 | D        | Noticed a two-headed ogre
  1664 | D        | Killed a lindwurm
  1664 | D        | Reached skill level 15 in Axes
  1668 | D        | Killed an ogre mage
  1668 | D        | Reached skill level 1 in Stealth
  1670 | D        | Killed a two-headed ogre
  1670 | D        | Reached ****** piety under Trog
  1670 | D        | Reached skill level 16 in Axes
  1670 | D        | Reached XP level 10. HP: 104/104 MP: 3/9
  1672 | D        | Killed a two-headed ogre
  1672 | D        | Received a gift from Trog
  1673 | D        | Reached skill level 17 in Axes
  1861 | D        | Noticed a swamp dragon
  1868 | D        | Killed a swamp dragon
  1868 | D        | Reached skill level 15 in Fighting
  1868 | D        | Reached skill level 15 in Armour
  2070 | D        | Noticed a molten gargoyle
  2077 | D        | Killed a molten gargoyle
  2095 | D        | Noticed a cyclops
  2095 | D        | Noticed a fire crab
  2102 | D        | Killed a cyclops
  2102 | D        | Received a gift from Trog
  2102 | D        | Reached skill level 18 in Axes
  2102 | D        | Killed a fire crab
  2246 | D        | Noticed an orc knight
  2256 | D        | Received a gift from Trog
  2258 | D        | Reached skill level 19 in Axes
  2258 | D        | Reached XP level 11. HP: 67/114 MP: 3/10
  2262 | D        | Killed an orc knight
  2265 | D        | Noticed Josephine
  2265 | D        | Noticed an orc knight
  2272 | D        | Received a gift from Trog
  2281 | D        | Killed an orc knight
  2284 | D        | Reached skill level 20 in Axes
  2284 | D        | Killed Josephine
  2284 | D        | Received a gift from Trog
  2294 | D        | Received a gift from Trog
  2589 | D        | Noticed a phantasmal warrior
  2594 | D        | Received a gift from Trog
  2601 | D        | Killed a phantasmal warrior
  2779 | D        | Noticed a vampire mage
  2780 | D        | Noticed a deep elf mage
  2780 | D        | Noticed Urug
  2782 | D        | Noticed a death yak
  2784 | D        | Noticed a soul eater
  2784 | D        | Killed a vampire mage
  2785 | D        | Killed a deep elf mage
  2785 | D        | Received a gift from Trog
  2791 | D        | Noticed Joseph
  2794 | D        | Killed Urug
  2794 | D        | Reached skill level 21 in Axes
  2800 | D        | Killed a death yak
  2800 | D        | Reached skill level 10 in Dodging
  2805 | D        | Killed Joseph
  2820 | D        | Noticed a death knight
  2832 | D        | Killed a death knight
  2832 | D        | Received a gift from Trog
  2958 | D        | Reached XP level 12. HP: 56/127 MP: 11/11
  3144 | D        | Received a gift from Trog
  3229 | D        | Noticed a two-headed ogre
  3233 | D        | Noticed Grum
  3234 | D        | Paralysed by an orc sorcerer for 5 turns
  3240 | D        | Received a gift from Trog
  3240 | D        | Reached skill level 22 in Axes
  3242 | D        | Killed a two-headed ogre
  3244 | D        | Paralysed by a floating eye for 3 turns
  3248 | D        | Received a gift from Trog
  3253 | D        | HP: 2/195 [orc warrior/+0 glaive[an orc knight] (10)]
  3259 | D        | Killed Grum
  3261 | D        | Received a gift from Trog
  3273 | D        | Received a gift from Trog
  3281 | D        | Received a gift from Trog
  3641 | D        | Noticed Jory
  3641 | D        | Noticed a purple draconian
  3641 | D        | Noticed a vampire knight
  3642 | D        | Found the +9 scales of the Dragon King {rPois rF+ rC+ MR+}
  3652 | D        | Killed a vampire knight
  3652 | D        | Reached skill level 23 in Axes
  3660 | D        | Killed Jory
  3662 | D        | Killed a purple draconian
  3662 | D        | Received a gift from Trog
  3991 | D        | Noticed the 27-headed Lernaean hydra
  3997 | D        | Killed the 26-headed Lernaean hydra
  3997 | D        | Reached skill level 24 in Axes
  3997 | D        | Reached skill level 1 in Throwing
  3997 | D        | Reached XP level 13. HP: 139/139 MP: 12/12
  4115 | D        | Noticed an ancient lich
  4126 | D        | Noticed a Brimstone Fiend
  4126 | D        | Killed an ancient lich
  4126 | D        | Reached skill level 25 in Axes
  4424 | D        | Noticed a blizzard demon
  4426 | D        | Killed a blizzard demon
  4465 | D        | Noticed a greater mummy
  4477 | D        | Killed a greater mummy
  4477 | D        | Received a gift from Trog
  4477 | D        | Reached skill level 26 in Axes
  4640 | D        | Noticed a deep elf blademaster
  4648 | D        | Killed a deep elf blademaster
  4813 | D        | Noticed an orc warlord
  4813 | D        | Noticed an orc warlord
  4813 | D        | Noticed a minotaur
  4821 | D        | Killed a minotaur
  4822 | D        | Received a gift from Trog
  4826 | D        | Killed an orc warlord
  4826 | D        | Reached XP level 14. HP: 154/154 MP: 13/13
  4828 | D        | Killed an orc warlord
  4834 | D        | Noticed a storm dragon
  4835 | D        | Reached skill level 5 in Stealth
  4836 | D        | Received a gift from Trog
  4837 | D        | Reached skill level 27 in Axes
  4838 | D        | Received a gift from Trog
  4841 | D        | Killed a storm dragon
  4858 | D        | Got a dazzling broad axe {god gift}
  4859 | D        | Identified the +3 broad axe of Cuodiy {vorpal, *Corrode
                  | rElec rC+++ Str-2} (Trog gifted it to you in the Dungeon)
  5064 | D        | Noticed a sphinx
  5065 | D        | Noticed a vampire knight
  5074 | D        | Received a gift from Trog
  5075 | D        | Killed a sphinx
  5080 | D        | Killed a vampire knight
  5189 | D        | Got the +0 tower shield of Objectivity {-Cast *Drain +Blink
                  | SInv}
  5286 | D        | Noticed a spriggan defender
  5286 | D        | Noticed an Ice Fiend
  5286 | D        | Noticed a purple draconian scorcher
  5286 | D        | Noticed a Hell Sentinel
  5291 | D        | Killed a ghost moth
  5291 | D        | Received a gift from Trog
  5292 | D        | Killed a ghost moth
  5295 | D        | Killed a spriggan defender
  5298 | D        | HP: 7/235 [Ice Fiend (20)]
  5299 | D        | Impaled on a Hell Sentinel's spines

Illustrated notes

Levels and vault maps discovered:
D:        pitsprint [storerooms_1, entrance_room_1, metal_vault_3, armoury_2,
          mini_pit_1, grid_room_1, main_hall_1, silver_pit, the_coven_1,
          the_vestibule_1, steel_vault_1, golden_pit, hallway_of_sentries,
          crystal_vault_2, iron_vault_2, final_vault]

Skill      XL: |  1  2  3  4  5  6  7  8  9 10 11 12 13 14 |
---------------+-------------------------------------------+-----
Fighting       | 6 8 10 12 13 14 15 18 20 22 23 | 23.4
Axes           | 7 8 11 12 14 16 19 21 24 26 27 | 27.0
Armour         | 3 4 7 9 11 13 15 16 17 19 20 | 20.8
Dodging        | 3 4 6 7 8 10 12 | 12.7
Stealth        | 1 2 3 4 9 |  9.4
Throwing       | 1 |  1.9

Action                   |  1- 3 |  4- 6 |  7- 9 | 10-12 | 13-15 || total
-------------------------+-------+-------+-------+-------+-------++-------
Melee: Hand axe          |    16 |    53 |    17 |       |       ||    86
       Headbutt          |     1 |    12 |     6 |    39 |    18 ||    76
       Battleaxe         |       |       |    18 |    96 |       ||   114
       Executioner's axe |       |       |       |    66 |    67 ||   133
Throw: Javelin           |       |       |       |     1 |       ||     1
Invok: Berserk           |     1 |     2 |     3 |     7 |     6 ||    19
       Brothers in Arms  |       |       |       |     5 |     2 ||     7
  Use: Potion            |       |     1 |       |     6 |     4 ||    11
       Scroll            |       |       |       |     2 |       ||     2
 Stab: Invisible         |       |       |       |       |    11 ||    11
Armor: Animal skin       |     3 |       |       |       |       ||     3
       Plate armour      |       |    36 |    20 |     7 |       ||    63
       Swamp dragon scal |       |       |       |    52 |       ||    52
       Gold dragon scale |       |       |       |    56 |    50 ||   106
Dodge: Dodged            |    14 |    26 |     7 |   118 |    37 ||   202

Table legend: (Time is in decaauts)
 A = Elapsed time spent in this place.
 B = Non-inter-level travel time spent in this place.
 C = Inter-level travel time spent in this place.
 D = Time resting spent in this place.
 E = Time spent auto-exploring this place.
 F = Levels seen in this place.
 G = Mean time per level.
                   A        B        C        D        E       F      G
               +--------+--------+--------+--------+--------+-----+--------+
         Total |   5410 |   5410 |      0 |   3418 |    114 |   1 | 5410.0 |
       Dungeon |   5410 |   5410 |      0 |   3418 |    114 |   1 | 5410.0 |
               +--------+--------+--------+--------+--------+-----+--------+

Top non-repeatable levels by time:
       D: 5410 daAuts
